 Dungeon Crawl Stone Soup version 0.17-a0-1718-g72dbe4d (webtiles) character file.

69 Gargoyl the Skirmisher (level 4, -6/37 HPs)
             Began as a Demonspawn Abyssal Knight on Aug 26, 2015.
             Was a Follower of Lugonu.
             Mangled by a gnoll
             ... wielding a +1 halberd of venom
              (14 damage)
             ... on level 2 of the Dungeon.
             The game lasted 00:02:49 (1006 turns).

Gargoyl the Skirmisher (Demonspawn Abyssal Knight)  Turns: 1006, Time: 00:02:49

Health: -6/37      AC:  5    Str: 13    XL:     4   Next: 2%
Magic:  6/6        EV:  9    Int: 13    God:    Lugonu [*.....]
Gold:   52         SH:  3    Dex: 13    Spells: 0 memorised, 3 levels left

rFire  . . .     SeeInvis .     a - +1 hand axe
rCold  + . .     Clarity  .     e - +0 ring mail {rC+}
rNeg   . . .     SustAt   .     f - +0 buckler
rPois  .         Gourm    .     (no helmet)
rElec  .         Spirit   .     (no cloak)
rCorr  .         Warding  .     (no gloves)
rMut   .         Stasis   .     (no boots)
MR     .....                    (no amulet)
Stlth  +.........               (no ring)
                                (no ring)

@: not resistant to hostile enchantments, very unstealthy
A: spiny 1
a: Depart the Abyss, Renounce Religion


You were on level 2 of the Dungeon.
You worshipped Lugonu.
Lugonu was aware of your devotion.
You were hungry.

You visited 1 branch of the dungeon, and saw 3 of its levels.
You visited the Abyss 1 time.

You collected 52 gold pieces.

Inventory:

Hand weapons
 a - a +1 hand axe (weapon)
Armour
 e - a +0 ring mail of cold resistance (worn)
 f - a +0 buckler (worn)
Jewellery
 m - an uncursed amulet of resist mutation
Scrolls
 d - a scroll of magic mapping {unknown}
 g - a scroll of remove curse
 h - 2 scrolls of immolation {unknown}
 i - a scroll of enchant armour {unknown}
 j - a scroll of identify {unknown}
 k - a scroll of blinking {unknown}
 l - a scroll of amnesia {unknown}
Comestibles
 b - a meat ration
 c - a bread ration


   Skills:
 + Level 4.0 Fighting
 + Level 2.2 Axes
 + Level 2.1 Armour
 + Level 1.2 Dodging
 + Level 3.0 Invocations


You had 3 spell levels left.
You didn't know any spells.

Dungeon Overview and Level Annotations

Branches:
Dungeon (3/15)

Altars:


Innate Abilities, Weirdness & Mutations

You are partially covered in sharp spines.


Message History

You see here a spear.
You closely miss the gnoll.
The gnoll is heavily wounded.
The gnoll is struck by your spines.
You kill the gnoll!
Lugonu accepts your kill.
Your Invocations skill increases to level 3!
You have reached level 4!
You feel agile. The gnoll is struck by your spines.
The gnoll hits you with a halberd of venom!
* * * LOW HITPOINT WARNING * * *
You barely miss the gnoll.
The gnoll is moderately wounded.
You block the gnoll's attack.
You hit the gnoll but do no damage.
The gnoll is moderately wounded.
The gnoll is struck by your spines.
The gnoll hits you with a halberd of venom!
You die...

..### #.....#........#
#... #.........######
####.########....####.#
#....#.............##.#
#.##.##.#####....#.##.#
#.#####.# ########.##.##
#....##.###............#
####...................#
#..........g@.))>...#
#...................#
##..................#
#######............#
##############


You could see a gnoll.

Vanquished Creatures
  3 gnolls (D:2)
  An adder (D:3)
  An ooze (D:1)
  3 hobgoblins
  4 kobolds (D:1)
  7 bats
  2 goblins (D:1)
  4 jackals
  4 rats (D:1)
29 creatures vanquished.

Notes
Turn   | Place    | Note
--------------------------------------------------------------
     0 | Abyss:1  | Gargoyl the Demonspawn Abyssal Knight began the quest for the Orb.
     0 | Abyss:1  | Reached XP level 1. HP: 18/18 MP: 2/2
    18 | Abyss:1  | Found a corrupted altar of Lugonu.
   112 | Abyss:1  | Noticed a quasit
   113 | Abyss:1  | Noticed a neqoxec
   113 | Abyss:1  | Noticed a large abomination
   116 | D:1      | Escaped the Abyss
   193 | D:1      | Reached skill level 1 in Dodging
   197 | D:1      | Acquired Lugonu's first power
   510 | D:1      | Gained mutation: You are partially covered in sharp spines. [demonic ancestry]
   510 | D:1      | Reached XP level 2. HP: 24/24 MP: 3/3
   851 | D:3      | Reached XP level 3. HP: 10/30 MP: 5/5
  1000 | D:2      | Reached skill level 4 in Fighting
  1002 | D:2      | Reached XP level 4. HP: 14/37 MP: 6/6
  1006 | D:2      | Mangled by a gnoll

Vault maps used:
D:1:      minmay_arrival_jagged, item_on_display_a
D:3:      minmay_door_path, uniq_terence

Action                   |  1- 3 |  4- 6 || total
-------------------------+-------+-------++-------
Melee: Hand axe          |    34 |     2 ||    36
Invok: Depart the Abyss  |     1 |       ||     1
  Use: Scroll            |     2 |       ||     2
